 Dungeon Crawl Stone Soup version 0.31-a0-210-gccc998df9b (webtiles) character file.

Game seed: 10525207544669109267

16276 qw the Cleaver (level 12, 0/77 HPs)
             Began as a Gargoyle Fighter on June 29, 2023.
             Was an Elder of Okawaru.
             Slain by an eight-headed hydra (10 damage)
             ... on level 2 of the Lair of Beasts.
             The game lasted 00:04:56 (10078 turns).

qw the Cleaver (Gargoyle Fighter)                  Turns: 10078, Time: 00:04:57

Health: 0/77       AC: 32    Str: 23    XL:     12   Next: 35%
Magic:  14/15      EV: 14    Int: 11    God:    Okawaru [****..]
Gold:   520        SH:  6    Dex:  9    Spells: 11/11 levels left

rFire   . . .        h - +0 flail
rCold   . . .        c - +0 buckler
rNeg    + . .        k - +0 plate armour
rPois   inf          (no helmet)
rElec   +            (no cloak)
rCorr   .            r - +0 pair of gloves
SInv    .            p - +0 pair of boots
Will    .....        q - amulet of the acrobat Stlth
                     l - +5 ring of evasion
HPRegen 0.32/turn    f - +4 ring of protection
MPRegen 0.14/turn

%: acrobat
@: heroic
A: sickness immunity, AC +8, negative energy resistance 1, electricity
resistance, torment resistance 1, petrification resistance
a: Renounce Religion, Heroism, Finesse


You were on level 2 of the Lair of Beasts.
You worshipped Okawaru.
Okawaru was greatly pleased with you.
You visited 3 branches of the dungeon, and saw 12 of its levels.

You collected 773 gold pieces.
You spent 253 gold pieces at shops.


Innate Abilities, Weirdness & Mutations

You are immune to sickness and miasma.
Your stone body is resilient. (AC +8)
You are immune to poison.
You resist negative energy. (rN+)
You are resistant to electric shocks. (rElec)
You are resistant to unholy torment.
You are immune to petrification.


   Skills:
 - Level 10.1(15.1) Fighting
 + Level 12.9(17.9) Axes
 - Level 3.0(8.0) Throwing
 - Level 9.4(14.4) Armour
 - Level 2.2(7.2) Dodging
 - Level 6.4(11.4) Shields
 + Level 4.2 Invocations


You had 11 spell levels left.
You didn't know any spells.
Your spell library was empty.

Inventory:

Hand Weapons
 h - a +0 flail (weapon)
 Y - a +2 war axe of freezing
Missiles
 i - a silver boomerang (quivered)
Armour
 c - a +0 buckler (worn)
 k - a +0 plate armour (worn)
 p - a +0 pair of boots (worn)
 r - a +0 pair of gloves (worn)
Jewellery
 f - a +4 ring of protection (right hand)
 l - a +5 ring of evasion (left hand)
 q - an amulet of the acrobat (around neck)
Scrolls
 b - 8 scrolls of identify
 g - 4 scrolls of teleportation
Potions
 a - 2 potions of heal wounds
 d - 3 potions of might
 e - a potion of mutation
 j - 2 potions of enlightenment
 m - a potion of attraction
 n - 3 potions of curing
 o - 4 potions of lignification

Dungeon Overview and Level Annotations

Branches:
Dungeon (9/15)             Temple (1/1) D:7            Lair (2/5) D:9
  Swamp: Lair:2-3    Shoals: Lair:2-3     Snake: Lair:2-3    Spider: Lair:2-3
    Orc: D:9-12

Altars:
Ashenzari
Dithmenos
Elyvilon
Fedhas
Gozag
Hepliaklqana
Kikubaaqudgha
Makhleb
Nemelex Xobeh
Okawaru
Qazlal
Ru
Sif Muna
Trog
Uskayaw
Vehumet
Wu Jian
Xom
Yredelemnul
Zin
The Shining One

Shops:
D:5 [   D:7 *

Portals:
Bailey: D:8

Annotations:
D:6 1 runed translucent door, qw's ghost, novice DEHu


Message History

The eight-headed hydra bites you. x2
You thump the eight-headed hydra!
The eight-headed hydra is moderately wounded.
The bullfrog hits you but does no damage.
You block the eight-headed hydra's attack. x2
The eight-headed hydra barely misses you. x2
The eight-headed hydra bites you!
The eight-headed hydra barely misses you.
The eight-headed hydra bites you! The eight-headed hydra bites you.
You sock the eight-headed hydra!
The eight-headed hydra is heavily wounded.
The bullfrog closely misses you. You block the blink frog's attack.
A komodo dragon comes into view.
The eight-headed hydra bites you but does no damage. x2
The eight-headed hydra bites you! The eight-headed hydra bites you.
You block the eight-headed hydra's attack.
The eight-headed hydra bites you but does no damage.
The eight-headed hydra misses you.
The eight-headed hydra bites you but does no damage.
The bullfrog barely misses you.
You barely miss the eight-headed hydra.
The eight-headed hydra is heavily wounded.
The komodo dragon hisses angrily.
The blink frog barely misses you.
The bullfrog hits you but does no damage.
You sock the eight-headed hydra!
The eight-headed hydra is severely wounded.
The eight-headed hydra bites you but does no damage. x2
The eight-headed hydra barely misses you.
You block the eight-headed hydra's attack.
The eight-headed hydra bites you.
The eight-headed hydra closely misses you.
You block the eight-headed hydra's attack. x2
The blink frog completely misses you.
The bullfrog hits you but does no damage.
You thump the eight-headed hydra!
The eight-headed hydra is almost dead.
The bullfrog hits you but does no damage.
The eight-headed hydra bites you! x2
You die...

....# .. ......
....... .......
....... .......
....... .......
....... .......
....... ...... ..<..#
######### #### #####
..... #7..F.77.7 7...
7.~lF@...77P.7.77 7
.l..~~D7.7.7P~~~... .
.7777}.7.7.%....P7 7
777777.7777777 ###
######7.7###### 7.7
#7~~~~~7.7~~~~~7# 7.7
#~~~~~~7.7~~~~~~#
##.###~~~~~.....~~~~~#
#.(.##~~~~...~...~~~~#


You could see an eight-headed hydra, a komodo dragon, a blink frog, a wyvern and
a bullfrog.

Vanquished Creatures
  A two-headed ogre (D:8)
  3 hydras (Lair:2)
  A skyshark (Lair:2)
  An elephant (Lair:2)
  6 black mambas
  Joseph (D:9)
  A torpor snail (Lair:2)
  8 cane toads
  A rime drake (Lair:2)
  2 komodo dragons (Lair:2)
  A troll (D:9)
  7 blink frogs
  A vampire (D:9)
  3 yaks (Lair:2)
  2 basilisks (Lair:1)
  A steam dragon (D:9)
  3 wargs (D:9)
  Menkaure (D:6)
  An acid dragon (D:8)
  10 water moccasins
  Duvessa (D:4)
  A sky beast (D:6)
  An ogre (D:7)
  An orc warrior (D:9)
  A black bear (D:7)
  3 ice beasts
  A centaur (D:6)
  A wolf (Lair:2)
  Blork the orc (D:4)
  2 kobold brigands
  9 bullfrogs
  A gnoll sergeant (D:6)
  7 scorpions
  4 wights (D:7)
  Dowan (D:4)
  4 electric eels
  A howler monkey (D:6)
  2 hounds
  3 orc priests
  3 jellies
  2 sleepcaps
  8 iguanas
  2 orc wizards (D:9)
  A gnoll (D:6)
  7 adders
  3 dart slugs
  A worm (D:2)
  22 orcs
  7 endoplasms
  2 giant cockroaches
  13 goblins
  7 hobgoblins
  14 jackals
  2 quokkas
  4 ball pythons
  4 bats
  4 frilled lizards
  15 kobolds
  2 rats
223 creatures vanquished.

Notes
Turn   | Place    | Note
-------+----------+-------------------------------------------
     0 | D:1      | qw the Gargoyle Fighter began the quest for the Orb.
     0 | D:1      | Reached XP level 1. HP: 14/14 MP: 1/1
     0 | D:1      | 0 ||| qw: Version: 0.3-a-24-ga2abf7b
     0 | D:1      | 0 ||| qw: Game counter: 6913
     0 | D:1      | 0 ||| qw: Melee chars always use a shield: true
     0 | D:1      | 0 ||| qw: God list: Okawaru
     0 | D:1      | 0 ||| qw: Allow faded altars: false
     0 | D:1      | 0 ||| qw: Do Orc after clearing Dungeon:15 true
     0 | D:1      | 0 ||| qw: Do second Lair branch before Depths: true
     0 | D:1      | 0 ||| qw: Lair rune preference: random
     0 | D:1      | 0 ||| qw: Goals: Normal, Zot:1-4, Slime:5, God:TSO, Crypt,
                  | Tomb, Abyss, Pan, Hells, Win
     0 | D:1      | 0 ||| PLANNING D:1-11
    38 | D:1      | Reached skill level 2 in Axes
   198 | D:1      | Reached XP level 2. HP: 19/19 MP: 2/2
   696 | D:1      | You fall into a shaft and drop 1 floor!
   786 | D:2      | Reached skill level 3 in Axes
   791 | D:2      | Reached XP level 3. HP: 23/23 MP: 3/3
   933 | D:2      | 933 ||| DROPPING ring of wizardry.
   934 | D:2      | 934 ||| UPGRADING to +6 ring of dexterity.
   935 | D:2      | 935 ||| READING scroll labelled CINYNI YKONG.
   940 | D:2      | 940 ||| READING scroll labelled ULANEA XEDEA.
   941 | D:2      | 941 ||| READING scroll labelled YCZOEL UMNOO.
   942 | D:2      | 942 ||| READING scroll labelled AROCYU VOBIRAMP.
   943 | D:2      | 943 ||| READING scroll labelled SUOH HASEF.
   944 | D:2      | 944 ||| DRINKING 2 dark potions.
   945 | D:2      | 945 ||| DRINKING 2 puce potions.
  1267 | D:2      | Found a sacrificial altar of Ru.
  1492 | D:2      | 1492 ||| UPGRADING to +4 ring of protection.
  1493 | D:2      | 1493 ||| READING scroll labelled CEOGGA CUHA.
  1494 | D:2      | 1494 ||| READING scroll labelled FYXORCHOEZE.
  1528 | D:3      | Found a faded altar of an unknown god.
  1563 | D:3      | Reached skill level 1 in Dodging
  1585 | D:3      | Reached XP level 4. HP: 28/28 MP: 4/4
  1603 | D:3      | 1603 ||| Stepping ~*~*~tactically~*~*~ (stealth).
  1604 | D:3      | 1604 ||| DROPPING +0 mace.
  1877 | D:3      | Found a radiant altar of Vehumet.
  2082 | D:3      | 2082 ||| UPGRADING to +0 chain mail.
  2092 | D:3      | 2092 ||| DROPPING +0 scale mail.
  2093 | D:3      | 2093 ||| READING scroll labelled EDA UTEHERGH.
  2094 | D:3      | 2094 ||| READING scroll labelled YRURUXT YRHEMP.
  2095 | D:3      | 2095 ||| READING scroll labelled DACID BAELO.
  2229 | D:4      | 2229 ||| Stepping ~*~*~tactically~*~*~ (stealth).
  2231 | D:4      | 2231 ||| Stepping ~*~*~tactically~*~*~ (stealth).
  2255 | D:4      | Noticed Duvessa
  2255 | D:4      | Noticed Dowan
  2256 | D:4      | Noticed a scorpion
  2265 | D:4      | Killed Duvessa
  2266 | D:4      | Reached skill level 3 in Throwing
  2266 | D:4      | Reached XP level 5. HP: 23/32 MP: 5/5
  2269 | D:4      | HP: 5/32 [Dowan/stone arrow (10)]
  2270 | D:4      | 2270 ||| DRINKING potion of heal wounds.
  2272 | D:4      | Reached skill level 4 in Axes
  2272 | D:4      | Reached XP level 6. HP: 33/37 MP: 6/6
  2278 | D:4      | Killed Dowan
  2403 | D:4      | Found a shimmering blue altar of Sif Muna.
  2493 | D:4      | Found an ornate altar of the Wu Jian Council.
  2584 | D:4      | 2584 ||| Stepping ~*~*~tactically~*~*~ (stealth).
  2611 | D:4      | 2611 ||| Stepping ~*~*~tactically~*~*~ (stealth).
  2613 | D:4      | 2613 ||| Stepping ~*~*~tactically~*~*~ (stealth).
  2614 | D:4      | 2614 ||| Stepping ~*~*~tactically~*~*~ (stealth).
  2619 | D:4      | 2619 ||| Stepping ~*~*~tactically~*~*~ (stealth).
  2621 | D:4      | 2621 ||| Stepping ~*~*~tactically~*~*~ (stealth).
  2622 | D:4      | 2622 ||| Stepping ~*~*~tactically~*~*~ (stealth).
  2674 | D:4      | Noticed Blork the orc
  2679 | D:4      | Killed Blork the orc
  2680 | D:4      | Reached skill level 5 in Axes
  2745 | D:4      | Found a bloodstained altar of Trog.
  2856 | D:4      | 2856 ||| Stepping ~*~*~tactically~*~*~ (hiding).
  2897 | D:4      | 2897 ||| Stepping ~*~*~tactically~*~*~ (stealth).
  2964 | D:4      | Found a hazy altar of Hepliaklqana.
  3235 | D:4      | 3235 ||| UPGRADING to +0 plate armour.
  3245 | D:4      | 3245 ||| DROPPING +0 chain mail.
  3265 | D:4      | 3265 ||| UPGRADING to +5 ring of evasion.
  3267 | D:4      | 3267 ||| DROPPING +6 ring of dexterity.
  3268 | D:4      | 3268 ||| READING scroll labelled HOXAEG MIVVENU.
  3269 | D:4      | 3269 ||| DRINKING 2 fuming brown potions.
  3270 | D:4      | 3270 ||| DRINKING 2 clear potions.
  3271 | D:4      | 3271 ||| DRINKING 3 bubbling grey potions.
  3304 | D:4      | 3304 ||| DROPPING potion of degeneration.
  3318 | D:5      | Entered Level 5 of the Dungeon
  3331 | D:5      | Reached XP level 7. HP: 42/42 MP: 7/7
  3556 | D:5      | 3556 ||| Stepping ~*~*~tactically~*~*~ (stealth).
  3578 | D:5      | Reached skill level 6 in Axes
  3791 | D:5      | Reached skill level 7 in Axes
  3791 | D:5      | Reached XP level 8. HP: 44/48 MP: 8/8
  3916 | D:5      | 3916 ||| READING scroll of enchant weapon.
  3916 | D:5      | 3916 ||| ENCHANTING +1 war axe.
  3948 | D:5      | Found Qeangeah's Antique Armour Shop.
  4154 | D:5      | 4154 ||| UPGRADING to amulet of the acrobat.
  4159 | D:5      | 4159 ||| DRINKING 2 grey potions.
  4160 | D:5      | 4160 ||| READING 3 scrolls of identify.
  4160 | D:5      | 4160 ||| IDENTIFYING metallic coppery potion
  4161 | D:5      | 4161 ||| READING 2 scrolls of identify.
  4161 | D:5      | 4161 ||| IDENTIFYING fuming orange potion
  4162 | D:5      | 4162 ||| DROPPING potion of ambrosia.
  4321 | D:6      | Noticed Menkaure
  4327 | D:6      | Killed Menkaure
  4700 | D:6      | Reached skill level 8 in Axes
  4774 | D:6      | Reached skill level 6 in Fighting
  4864 | D:6      | Reached XP level 9. HP: 51/55 MP: 9/9
  4925 | D:6      | Found a white marble altar of Elyvilon.
  4941 | D:6      | Found a blossoming altar of Fedhas.
  4950 | D:6      | 4950 ||| Stepping ~*~*~tactically~*~*~ (hiding).
  5017 | D:6      | 5017 ||| Stepping ~*~*~tactically~*~*~ (stealth).
  5053 | D:6      | Found a runed translucent door.
  5054 | D:6      | Found a shimmering altar of Xom.
  5054 | D:6      | Noticed qw's ghost (novice DEHu)
  5054 | D:6      | Noticed a +1 hand axe of chaos
  5383 | D:6      | 5383 ||| UPGRADING to +0 pair of boots.
  5388 | D:6      | 5388 ||| READING scroll labelled CADWOS TELEHY.
  5389 | D:6      | 5389 ||| READING 2 scrolls labelled OHEUDA DUTIMEN.
  5390 | D:6      | 5390 ||| DROPPING scroll of amnesia.
  5431 | D:7      | 5431 ||| Stepping ~*~*~tactically~*~*~ (hiding).
  5432 | D:7      | 5432 ||| Stepping ~*~*~tactically~*~*~ (hiding).
  5439 | D:7      | 5439 ||| Stepping ~*~*~tactically~*~*~ (stealth).
  5446 | D:7      | 5446 ||| Stepping ~*~*~tactically~*~*~ (hiding).
  5551 | D:7      | Reached skill level 9 in Axes
  5747 | D:7      | Found a staircase to the Ecumenical Temple.
  5748 | D:7      | 5748 ||| PLANNING TEMPLE
  5748 | D:7      | 5748 ||| READING scroll labelled VETHRY GOONG.
  5757 | Temple   | Entered the Ecumenical Temple
  5791 | Temple   | 5791 ||| PLANNING OKAWARU WORSHIP
  5919 | Temple   | Became a worshipper of Warmaster Okawaru
  5920 | Temple   | 5920 ||| PLANNING D:1-11
  5973 | D:7      | Found a sacrificial altar of Ru.
  6036 | D:7      | Found Qujian's General Store.
  6046 | D:7      | 6046 ||| BUYING +0 pair of gloves (58 gold).
  6046 | D:7      | Bought a +0 pair of gloves for 58 gold pieces
  6046 | D:7      | 6046 ||| BUYING potion of lignification (39 gold).
  6046 | D:7      | Bought a potion of lignification for 39 gold pieces
  6046 | D:7      | 6046 ||| BUYING potion of lignification (39 gold).
  6046 | D:7      | Bought a potion of lignification for 39 gold pieces
  6046 | D:7      | 6046 ||| BUYING scroll of identify (26 gold).
  6046 | D:7      | Bought a scroll of identify for 26 gold pieces
  6046 | D:7      | 6046 ||| BUYING scroll of identify (26 gold).
  6046 | D:7      | Bought a scroll of identify for 26 gold pieces
  6046 | D:7      | 6046 ||| BUYING scroll of identify (26 gold).
  6046 | D:7      | Bought a scroll of identify for 26 gold pieces
  6046 | D:7      | 6046 ||| BUYING scroll of teleportation (39 gold).
  6046 | D:7      | Bought a scroll of teleportation for 39 gold pieces
  6238 | D:7      | 6238 ||| UPGRADING to +0 pair of gloves.
  6243 | D:7      | 6243 ||| READING scroll labelled SECEUN GAQUNG.
  6244 | D:7      | 6244 ||| READING 4 scrolls of identify.
  6244 | D:7      | 6244 ||| IDENTIFYING glowing emerald potion
  6245 | D:7      | 6245 ||| DROPPING potion of brilliance.
  6349 | D:8      | Noticed a two-headed ogre
  6350 | D:8      | 6350 ||| Stepping ~*~*~tactically~*~*~ (stealth).
  6354 | D:8      | 6354 ||| Stepping ~*~*~tactically~*~*~ (stealth).
  6363 | D:8      | HP: 7/57 [two-headed ogre/+0 dire flail (20)]
  6363 | D:8      | HP: 1/57 [two-headed ogre/+0 dire flail (6)]
  6364 | D:8      | 6364 ||| READING 4 scrolls of teleportation.
  6365 | D:8      | 6365 ||| DRINKING 2 potions of heal wounds.
  6366 | D:8      | Killed a two-headed ogre
  6366 | D:8      | Reached * piety under Okawaru
  6367 | D:8      | Reached XP level 10. HP: 34/63 MP: 10/10
  6367 | D:8      | 6367 ||| Stepping ~*~*~tactically~*~*~ (hiding).
  6368 | D:8      | 6368 ||| INVOKING Heroism.
  6380 | D:8      | 6380 ||| INVOKING Heroism.
  6531 | D:8      | 6531 ||| Stepping ~*~*~tactically~*~*~ (stealth).
  6535 | D:8      | 6535 ||| Stepping ~*~*~tactically~*~*~ (stealth).
  6602 | D:8      | Found a flagged portal.
  6621 | D:8      | Found a shimmering altar of Xom.
  6688 | D:8      | Found a stormy altar of Qazlal.
  7045 | D:9      | 7045 ||| Stepping ~*~*~tactically~*~*~ (hiding).
  7064 | D:9      | 7064 ||| DRINKING 4 potions of curing.
  7064 | D:9      | 7064 ||| (to cure confusion)
  7073 | D:9      | Reached skill level 1 in Invocations
  7075 | D:9      | Found a staircase to the Lair.
  7076 | D:9      | 7076 ||| Stepping ~*~*~tactically~*~*~ (hiding).
  7078 | D:9      | 7078 ||| Stepping ~*~*~tactically~*~*~ (hiding).
  7132 | D:9      | 7132 ||| Stepping ~*~*~tactically~*~*~ (stealth).
  7133 | D:9      | 7133 ||| Stepping ~*~*~tactically~*~*~ (stealth).
  7168 | D:9      | 7168 ||| INVOKING Heroism.
  7169 | D:9      | 7169 ||| Stepping ~*~*~tactically~*~*~ (cloud).
  7182 | D:9      | 7182 ||| Stepping ~*~*~tactically~*~*~ (cloud).
  7388 | D:9      | 7388 ||| INVOKING Heroism.
  7507 | D:9      | Reached skill level 10 in Axes
  7507 | D:9      | Reached skill level 3 in Invocations
  7551 | D:9      | Noticed Joseph
  7552 | D:9      | 7552 ||| Stepping ~*~*~tactically~*~*~ (hiding).
  7567 | D:9      | Killed Joseph
  7734 | D:9      | 7734 ||| Stepping ~*~*~tactically~*~*~ (hiding).
  7738 | D:9      | 7738 ||| INVOKING Heroism.
  7805 | D:9      | Found a glowing golden altar of the Shining One.
  7895 | D:9      | 7895 ||| PLANNING LAIR
  7895 | D:9      | 7895 ||| DROPPING ring of see invisible.
  7919 | Lair:1   | Entered Level 1 of the Lair of Beasts
  7920 | Lair:1   | 7920 ||| INVOKING Heroism.
  7921 | Lair:1   | 7921 ||| Stepping ~*~*~tactically~*~*~ (stealth).
  7936 | Lair:1   | 7936 ||| INVOKING Heroism.
  7952 | Lair:1   | 7952 ||| FLEEEEING.
  7953 | Lair:1   | 7953 ||| STAIRDANCE
  8009 | Lair:1   | 8009 ||| INVOKING Heroism.
  8066 | Lair:1   | Noticed a cane toad
  8067 | Lair:1   | 8067 ||| INVOKING Heroism.
  8074 | Lair:1   | Killed a cane toad
  8108 | Lair:1   | Noticed a cane toad
  8109 | Lair:1   | 8109 ||| INVOKING Heroism.
  8117 | Lair:1   | Killed a cane toad
  8206 | Lair:1   | Reached ** piety under Okawaru
  8221 | Lair:1   | Noticed a cane toad
  8222 | Lair:1   | 8222 ||| INVOKING Heroism.
  8228 | Lair:1   | Killed a cane toad
  8229 | Lair:1   | Reached XP level 11. HP: 68/68 MP: 11/14
  8271 | Lair:1   | 8271 ||| INVOKING Heroism.
  8283 | Lair:1   | Reached skill level 11 in Axes
  8372 | Lair:1   | 8372 ||| INVOKING Heroism.
  8413 | Lair:1   | 8413 ||| Stepping ~*~*~tactically~*~*~ (stealth).
  8433 | Lair:1   | 8433 ||| Stepping ~*~*~tactically~*~*~ (stealth).
  8434 | Lair:1   | 8434 ||| INVOKING Heroism.
  8443 | Lair:1   | Reached skill level 9 in Fighting
  8443 | Lair:1   | 8443 ||| Stepping ~*~*~tactically~*~*~ (stealth).
  8444 | Lair:1   | 8444 ||| Stepping ~*~*~tactically~*~*~ (stealth).
  8461 | Lair:1   | 8461 ||| INVOKING Heroism.
  8484 | Lair:1   | 8484 ||| Stepping ~*~*~tactically~*~*~ (stealth).
  8485 | Lair:1   | 8485 ||| Stepping ~*~*~tactically~*~*~ (stealth).
  8567 | Lair:1   | 8567 ||| Stepping ~*~*~tactically~*~*~ (stealth).
  8568 | Lair:1   | 8568 ||| Stepping ~*~*~tactically~*~*~ (stealth).
  8569 | Lair:1   | 8569 ||| Stepping ~*~*~tactically~*~*~ (stealth).
  8570 | Lair:1   | 8570 ||| INVOKING Heroism.
  8801 | Lair:1   | 8801 ||| INVOKING Heroism.
  8985 | Lair:2   | 8985 ||| INVOKING Heroism.
  8993 | Lair:2   | Reached skill level 12 in Axes
  9000 | Lair:2   | 9000 ||| STAIRDANCE
  9052 | Lair:2   | Noticed an eight-headed hydra
  9053 | Lair:2   | 9053 ||| INVOKING Heroism.
  9058 | Lair:2   | 9058 ||| SWAPPING to +0 flail.
  9065 | Lair:2   | Killed an eight-headed hydra
  9066 | Lair:2   | Reached skill level 6 in Shields
  9066 | Lair:2   | 9066 ||| SWAPPING to +2 war axe of freezing.
  9253 | Lair:2   | 9253 ||| INVOKING Heroism.
  9332 | Lair:2   | Reached *** piety under Okawaru
  9345 | Lair:2   | Noticed a seven-headed hydra
  9346 | Lair:2   | 9346 ||| INVOKING Heroism.
  9347 | Lair:2   | 9347 ||| SWAPPING to +0 flail.
  9354 | Lair:2   | Killed a seven-headed hydra
  9355 | Lair:2   | 9355 ||| SWAPPING to +2 war axe of freezing.
  9462 | Lair:2   | 9462 ||| INVOKING Heroism.
  9465 | Lair:2   | Noticed a skyshark
  9466 | Lair:2   | 9466 ||| Stepping ~*~*~tactically~*~*~ (water).
  9470 | Lair:2   | Killed a skyshark
  9471 | Lair:2   | Reached skill level 9 in Armour
  9483 | Lair:2   | Reached XP level 12. HP: 49/76 MP: 15/15
  9493 | Lair:2   | 9493 ||| INVOKING Heroism.
  9495 | Lair:2   | Received a gift from Okawaru
  9592 | Lair:2   | 9592 ||| FLEEEEING.
  9593 | Lair:2   | 9593 ||| FLEEEEING.
  9594 | Lair:2   | 9594 ||| FLEEEEING.
  9611 | Lair:2   | 9611 ||| INVOKING Heroism.
  9724 | Lair:2   | 9724 ||| Stepping ~*~*~tactically~*~*~ (stealth).
  9744 | Lair:2   | 9744 ||| INVOKING Heroism.
  9914 | Lair:2   | 9914 ||| INVOKING Heroism.
  9932 | Lair:2   | 9932 ||| Stepping ~*~*~tactically~*~*~ (stealth).
  9933 | Lair:2   | 9933 ||| Stepping ~*~*~tactically~*~*~ (stealth).
 10004 | Lair:2   | Noticed an eight-headed hydra
 10005 | Lair:2   | 10005 ||| INVOKING Heroism.
 10006 | Lair:2   | 10006 ||| SWAPPING to +0 flail.
 10014 | Lair:2   | Killed an eight-headed hydra
 10014 | Lair:2   | Reached **** piety under Okawaru
 10015 | Lair:2   | 10015 ||| SWAPPING to +2 war axe of freezing.
 10069 | Lair:2   | Noticed an eight-headed hydra
 10070 | Lair:2   | 10070 ||| INVOKING Heroism.
 10071 | Lair:2   | 10071 ||| SWAPPING to +0 flail.
 10078 | Lair:2   | HP: 10/77 [eight-headed hydra (10)]
 10078 | Lair:2   | Slain by an eight-headed hydra

Levels and vault maps discovered:
D:1:      evilmike_arrival_hilbert_curve, layout_basic
D:2:      layout_loops_cross, basic_altar
D:3:      layout_basic, lemuel_round_altar, nicolae_ecumenical_pavilion
D:4:      layout_loops_ring, lightli_temple_of_fire,
          nicolae_hepliaklqana_hippocampus, mainiacjoe_overflow_catwalk,
          mainiacjoe_overflow_small_starburst, uniq_duvessa, uniq_blork_the_orc
D:5:      layout_basic, serial_shops, shop, minmay_strange_pillars,
          kennysheep_nub
D:6:      kennysheep_six_static_rooms, layout_basic,
          fedhas_bush_and_centaur_altar, elyvilon_altar_3, ebering_ghost_xom,
          grunt_decor_junction, kennysheep_generic_room_13, uniq_menkaure
D:7:      layout_rooms, mainiacjoe_overflow_six_doors_small, temple_hall,
          serial_shops, shop
D:8:      statuecave_lemuel, layout_rooms, mainiacjoe_overflow_brackets,
          mainiacjoe_overflow_surrounded_room, enter_bailey_3
D:9:      layout_gridville, tso_altar, erik_lair_orcish_takeover, uniq_joseph
Temple:   hellmonk_temple_flake
Lair:1:   layout_chaotic_city, chequers_serial_rivers_small_b,
          serial_bayou_pond_e, wad_woods_road_05
Lair:2:   nzn_winding_woodlands_large [nzn_winding_woodlands_5x5_open_star,
          nzn_winding_woodlands_5x15_pathside_ponds,
          nzn_winding_woodlands_5x5_default,
          nzn_winding_woodlands_center_garden,
          nzn_winding_woodlands_15x15_eel_pit,
          nzn_winding_woodlands_center_lodge,
          nzn_winding_woodlands_5x5_closed_star,
          nzn_winding_woodlands_5x15_jagged, nzn_winding_woodlands_5x5_three],
          layout_regular_city, spider_nest_entry_rubble

Skill      XL: |  1  2  3  4  5  6  7  8  9 10 11 12 |
---------------+-------------------------------------+-----
Axes           | 2 3 4 5 7 8 9 10 12 | 12.9
Dodging        | 1 2 |  2.2
Throwing       | 3 |  3.0
Fighting       | 4 6 7 8 9 10 | 10.1
Armour         | 4 7 9 |  9.4
Shields        | 4 5 6 |  6.4
Invocations    | 4 |  4.2

Action                     |  1- 3 |  4- 6 |  7- 9 | 10-12 || total
---------------------------+-------+-------+-------+-------++-------
  Melee: War axe           |    64 |    85 |   206 |   335 ||   690
         Flail             |       |       |       |    28 ||    28
  Throw: Javelin           |       |    32 |    56 |    38 ||   126
         Boomerang         |       |       |       |     7 ||     7
 Invoke: Heroism           |       |       |       |    28 ||    28
    Use: Scroll            |     7 |     4 |     9 |       ||    20
         Potion            |     2 |     4 |     2 |     1 ||     9
 Armour: Scale mail        |    21 |     4 |       |       ||    25
         Chain mail        |       |    39 |       |       ||    39
         Plate armour      |       |       |   131 |   201 ||   332
  Dodge: Dodged            |    24 |    39 |   115 |   166 ||   344
  Block: Buckler           |    11 |    23 |    44 |    85 ||   163

Table legend:
 A = Non-vault XP
 B = Vault XP
 C = Vault XP percentage of total XP
 D = Non-vault monster count
 E = Vault monster count
 F = Vault count percentage of total count
                 A         B        C        D         E       F
            +---------+---------+-------+---------+---------+-------
      Total |   14155 |    9097 |  39.1 |     179 |      44 |  19.7
            +---------+---------+-------+---------+---------+-------
        D:1 |      25 |       0 |   0.0 |      14 |       0 |   0.0
        D:2 |      32 |       0 |   0.0 |      10 |       0 |   0.0
        D:3 |      77 |       0 |   0.0 |      21 |       0 |   0.0
        D:4 |     139 |     313 |  69.2 |      24 |       3 |  11.1
        D:5 |     867 |       0 |   0.0 |      27 |       0 |   0.0
        D:6 |     584 |     660 |  53.1 |       9 |       8 |  47.1
        D:7 |    1082 |       0 |   0.0 |      17 |       0 |   0.0
        D:8 |    1172 |       7 |   0.6 |      16 |       4 |  20.0
        D:9 |     880 |    1096 |  55.5 |       7 |       9 |  56.2
     Lair:1 |    6380 |       0 |   0.0 |      21 |       0 |   0.0
     Lair:2 |    2917 |    7021 |  70.6 |      13 |      20 |  60.6
            +---------+---------+-------+---------+---------+-------
